 Dungeon Crawl Stone Soup version 0.14-a0-2374-ge879b5e (webtiles) character file.

1786 M4edhros the Slinger (level 8, -5/72 HPs)
             Began as an Octopode Hunter on Feb 1, 2014.
             Slain by an ogre
             ... wielding a +0,+0 giant club
              (9 damage)
             ... on Level 7 of the Dungeon.
             The game lasted 00:12:53 (5905 turns).

M4edhros the Slinger (Octopode Hunter)              Turns: 5905, Time: 00:12:53

HP  -5/72        AC  1     Str 15      XL: 8   Next: 96%
MP   8/8         EV 11     Int 13      God:
Gold 169         SH  7     Dex 14      Spells:  0 memorised,  7 levels left

rFire  . . .     SeeInvis +     t - +4,+1 flail of Theory {freeze, Noisy +Blink +Rage +Fly SInv}
rCold  . . .     Clarity  .     n - +0 buckler
rNeg   . . .     Conserve .     (helmet restricted)
rPois  .         rCorr    .     (no amulet)
rElec  .         rRot     .     l - ring of sustenance
SustAb . .       Spirit   .     (no ring)
rMut   .         Warding  .     (no ring)
Saprov . . .     Stasis   .     (no ring)
MR     .....                    (no ring)
                                (no ring)
                                (no ring)
                                (no ring)

@: berserking, very quick, not resistant to hostile enchantments, extremely
unstealthy
A: almost no armour, amphibious, 8 rings, constrict 8, camouflage 1, weak 1,
gelatinous body 1
a: Evoke Blink, Evoke Berserk Rage, Evoke Flight


You were on level 7 of the Dungeon.
You were not hungry.

You visited 1 branch of the dungeon, and saw 7 of its levels.

You collected 169 gold pieces.

Inventory:

Hand weapons
 a - a +0,+0 short sword
 b - a +1,+1 sling
 e - a +0,+3 orcish trident of dragon slaying
 j - a +2,+4 long sword of flaming
 t - the +4,+1 flail of Theory (weapon) {freeze, Noisy +Blink +Rage +Fly SInv}
   (You found it on level 7 of the Dungeon)

   It has been specially enchanted to freeze those struck by it, causing extra
   injury to most foes and up to double damage against particularly susceptible
   opponents.
   It can also slow down cold-blooded creatures.
   It enhances your eyesight.
   It lets you fly.
   It lets you blink.
   It lets you go berserk.
   It may make noises in combat.
Missiles
 c - 21 sling bullets
Armour
 n - a +0 buckler (worn)
Magical devices
 d - a wand of draining (5) {unknown}
 k - a wand of frost (0)
Comestibles
 f - 5 bread rations
 h - 2 chokos
 i - an apricot
 u - a rambutan
 z - a meat ration
Scrolls
 g - 3 scrolls of identify {unknown}
 m - 3 scrolls of remove curse
 o - 4 scrolls of fog {unknown}
 q - a scroll of noise {unknown}
 s - a scroll of enchant armour {unknown}
 w - a scroll of fear {unknown}
Jewellery
 l - a ring of sustenance (left tentacle)
 r - a cursed ring of teleportation {unknown}
Potions
 p - 2 potions of heal wounds
Books
 x - a book of Alchemy

   Spells                             Type                      Level
   Lethal Infusion                    Charms/Necromancy            2
   Sublimation of Blood               Necromancy                   2
   Condensation Shield                Ice                          4
   Alistair's Intoxication            Transmutation/Poison         4
   Petrify                            Transmutation/Earth          4
   Ignite Poison                      Fire/Transmutation           5


   Skills:
 - Level 1.0 Fighting
 + Level 11.5 Slings
 - Level 2.0 Dodging
 - Level 1.3 Stealth


You had 7 spell levels left.
You didn't know any spells.

Dungeon Overview and Level Annotations

Branches:
Dungeon (7/16)
 Temple: D:4-7

Altars:
Nemelex Xobeh
The Shining One

Annotations:
D:5 Duvessa, Ijyb


Innate Abilities, Weirdness & Mutations

You cannot wear most types of armour.
You are amphibious.
You can wear up to eight rings at the same time.
You can use your tentacles to constrict many enemies at once.
Your skin changes colour to match your surroundings (Stlth).
Your rubbery body absorbs attacks (AC +1).
You are weak. (Str -2)


Message History

You hit the ogre. You freeze the ogre.
The ogre is moderately wounded.
The ogre hits you with a giant club!
Ouch! That really hurt!
* * * LOW HITPOINT WARNING * * *
You are too injured to fight recklessly!
Use which ability? (? or * to list)
A red film seems to cover your vision as you go berserk!
You feel yourself moving faster!
You feel mighty!
You are too injured to fight recklessly!
You are too injured to fight recklessly!
You are too injured to fight recklessly!
You hit the ogre. You freeze the ogre. Your squeeze misses the ogre.
The ogre is moderately wounded.
The ogre hits you with a giant club!
* * * LOW HITPOINT WARNING * * *
You barely miss the ogre.
The ogre is moderately wounded.
The ogre hits you with a giant club!
You die...

#################################
.................................
..................>..............
.....................#######.....
.....................#.....'.....
.....................#.....#.....
.....#########...O...#.....#.....
.....# #.#@###.#.....#.....
.....# #.#...#.#.....#.####
.....# #.#...#.#.....#.# # .<...#
#.#...#.#.....#.# # .....#
#.#...#.'.....#.# # .....#
#.#...#.#.....#. # .....#
#.#####.#.....#. # .....#
#.......#######.# #
.....#########..........%....# #


You could see an ogre.

Vanquished Creatures
  Prince Ribbit (D:6)
  A hungry ghost (D:7)
  The ghost of Zomeperzon the Vexing, an average SpEn (D:4)
  Menkaure (D:6)
  An ice beast (D:5)
  A sky beast (D:7)
  An ogre (D:6)
  A phantom (D:7)
  2 centaurs
  Sigmund (D:3)
  A water moccasin (D:7)
  A giant frog (D:7)
  A goliath beetle (D:6)
  A hound (D:7)
  A crimson imp (D:7)
  A scorpion (D:4)
  A worker ant (D:4)
  A worker ant zombie (D:6)
  8 adders
  2 worms (D:6)
  A giant eyeball (D:4)
  2 giant geckos (D:6)
  An ooze (D:6)
  10 orcs
  2 giant cockroaches (D:1)
  6 goblins
  15 hobgoblins
  9 jackals
  2 quokkas
  5 bats
  3 giant newts
  4 kobolds
  2 kobold skeletons
  An orc zombie (D:6)
  8 rats
100 creatures vanquished.

Notes
Turn   | Place    | Note
--------------------------------------------------------------
     0 | D:1      | M4edhros, the Octopode Hunter, began the quest for the Orb.
     0 | D:1      | Reached XP level 1. HP: 13/13 MP: 1/1
   145 | D:1      | Reached XP level 2. HP: 15/18 MP: 2/2
   609 | D:2      | Reached XP level 3. HP: 17/23 MP: 3/3
   732 | D:3      | Gained mutation: You digest meat inefficiently. [potion of mutation]
   732 | D:3      | Gained mutation: You are weak. (Str -2) [potion of mutation]
   732 | D:3      | Gained mutation: You have a slow metabolism. [potion of mutation]
   867 | D:3      | Reached skill level 5 in Slings
   917 | D:3      | HP: 1/23 [poisoned by an adder]
  1346 | D:3      | Noticed Sigmund
  1436 | D:4      | Noticed Zomeperzon's ghost (average SpEn)
  1587 | D:3      | Found a glowing golden altar of the Shining One.
  1772 | D:4      | Reached XP level 4. HP: 12/28 MP: 4/4
  2125 | D:3      | Killed Sigmund
  2125 | D:3      | Reached skill level 6 in Slings
  2125 | D:3      | Reached XP level 5. HP: 5/33 MP: 5/5
  2438 | D:4      | Paralysed by a giant eyeball for 4 turns
  2823 | D:4      | Paralysed by a giant eyeball for 4 turns
  2871 | D:4      | Killed Zomeperzon's ghost
  2871 | D:4      | Reached skill level 7 in Slings
  2871 | D:4      | Reached XP level 6. HP: 20/38 MP: 6/6
  3205 | D:5      | Entered Level 5 of the Dungeon
  3239 | D:5      | Noticed Ijyb
  3385 | D:6      | Noticed Prince Ribbit
  3440 | D:5      | Reached skill level 8 in Slings
  3440 | D:5      | Reached XP level 7. HP: 13/43 MP: 7/7
  3749 | D:5      | Noticed Duvessa
  4014 | D:6      | Reached skill level 9 in Slings
  4340 | D:6      | Killed Prince Ribbit
  4340 | D:6      | Reached XP level 8. HP: 30/48 MP: 8/8
  4496 | D:6      | Noticed Menkaure
  4509 | D:6      | Killed Menkaure
  4509 | D:6      | Reached skill level 10 in Slings
  5025 | D:7      | Found a sparkling altar of Nemelex Xobeh.
  5053 | D:7      | Got a jewelled flail
  5063 | D:7      | Identified the +4,+1 flail of Theory {freeze, Noisy +Blink +Rage +Fly SInv} (You found it on level 7 of the Dungeon)
  5224 | D:7      | Gained mutation: One of your tentacles bears a spike. [potion of mutation]
  5428 | D:7      | Reached skill level 11 in Slings
  5487 | D:7      | Lost mutation: One of your tentacles bears a spike. [potion of cure mutation]
  5487 | D:7      | Lost mutation: You have a slow metabolism. [potion of cure mutation]
  5487 | D:7      | Lost mutation: You digest meat inefficiently. [potion of cure mutation]
  5629 | D:7      | HP: 2/48 [poisoned by a water moccasin]
  5638 | D:7      | HP: 2/48 [poisoned by a water moccasin]
  5646 | D:7      | HP: 2/48 [poisoned by a water moccasin]
  5655 | D:7      | HP: 2/48 [poisoned by a water moccasin]
  5905 | D:7      | Slain by an ogre

Action                   |  1- 3 |  4- 6 |  7- 9 || total
-------------------------+-------+-------+-------++-------
Melee: Short sword       |    36 |       |       ||    36
       Spear             |    19 |     9 |       ||    28
       Trident           |       |    28 |       ||    28
       Long sword        |       |    25 |    37 ||    62
       Flail             |       |       |    17 ||    17
 Fire: Sling             |    30 |    33 |    82 ||   145
 Abil: Evoke Berserk Rag |       |       |     2 ||     2
Evoke: Wand              |       |     2 |     3 ||     5
  Use: Potion            |     3 |       |     5 ||     8
       Scroll            |       |     2 |     3 ||     5
 Stab: Sleeping          |     3 |     7 |     3 ||    13
